 Dungeon Crawl Stone Soup version 0.22-a0-240-g539252a (webtiles) character file.

854 tidbits the Insei (level 8, 60/60 HPs)
             Began as a Gnoll Transmuter on Feb 21, 2018.
             Quit the game on level 8 of the Dungeon.
             The game lasted 00:10:50 (1194 turns).

tidbits the Insei (Gnoll Transmuter)                Turns: 1194, Time: 00:10:51

Health: 60/60      AC:  6    Str: 17    XL:     8   Next: 1%
Magic:  16/16      EV: 15    Int: 24    God:
Gold:   122        SH:  0    Dex: 16    Spells: 12/18 levels left

rFire    . . .     SeeInvis .   q - +3 spear of Keucs {speed, Int+6}
rCold    . . .     Gourm    .   (no shield)
rNeg     . . .     Faith    .   b - +0 robe
rPois    .         Spirit   .   E - +2 helmet
rElec    .         Reflect  .   (no cloak)
rCorr    .         Harm     .   G - +0 pair of gloves
MR       .....                  (no boots)
Stlth    ++........             (no amulet)
HPRegen  0.20/turn              f - +5 ring of strength
MPRegen  0.15/turn              (no ring)

@: no status effects
A: distributed training, fangs 1, strong nose
a: no special abilities


You were on level 8 of the Dungeon.
You were not hungry.

You visited 2 branches of the dungeon, and saw 9 of its levels.

You collected 122 gold pieces.

Inventory:

Hand Weapons
 g - a +0 short sword
 j - a +1 dagger
 q - the +3 spear of Keucs (weapon) {speed, Int+6}
   (You found it on level 6 of the Dungeon)

   Attacks with this weapon are significantly faster.
   It affects your intelligence (+6).
 s - a +0 war axe
 w - a +0 dagger of speed
   (You took it off an orc on level 5 of the Dungeon)
 x - a +0 falchion
Missiles
 a - 97 arrows
 n - 7 poisoned javelins (quivered)
 v - 5 tomahawks
Armour
 b - a +0 robe (worn)
 h - a +0 shield
 k - a +0 ring mail
 E - a +2 helmet (worn)
 G - a +0 pair of gloves (worn)
Jewellery
 f - a +5 ring of strength (left hand)
   (You found it on level 1 of the Dungeon)
Wands
 d - a wand of digging (15)
Scrolls
 l - 2 scrolls of remove curse
 t - a scroll of noise
 u - a scroll of teleportation
Potions
 e - a potion of heal wounds
 m - a potion of magic {unknown}
 o - a potion of lignification {unknown}
 p - 2 potions of haste
Comestibles
 c - 4 rations


   Skills:
 + Level 3.8 Fighting
 + Level 2.8 Short Blades
 + Level 2.8 Long Blades
 + Level 2.8 Axes
 + Level 2.8 Maces & Flails
 + Level 2.8 Polearms
 + Level 2.8 Staves
 + Level 2.8 Slings
 + Level 2.8 Bows
 + Level 2.8 Crossbows
 + Level 2.8 Throwing
 + Level 2.8 Armour
 + Level 5.4 Dodging
 + Level 2.8 Stealth
 + Level 2.8 Shields
 + Level 7.1 Unarmed Combat
 + Level 5.8 Spellcasting
 + Level 2.2 Conjurations
 + Level 2.2 Hexes
 + Level 2.2 Charms
 + Level 2.2 Summonings
 + Level 2.2 Necromancy
 + Level 2.2 Translocations
 + Level 4.4 Transmutations
 + Level 2.2 Fire Magic
 + Level 2.2 Ice Magic
 + Level 2.2 Air Magic
 + Level 2.2 Earth Magic
 + Level 2.2 Poison Magic
 + Level 3.1 Invocations
 + Level 2.8 Evocations


You had 12 spell levels left.
You knew the following spells:

 Your Spells              Type           Power        Failure   Level  Hunger
e - Beastly Appendage     Tmut           ####..       1%          1    None
k - Sticks to Snakes      Tmut           ####....     1%          2    None
p - Spider Form           Tmut/Pois      ###.......   6%          3    #......


Dungeon Overview and Level Annotations

Branches:
Dungeon (8/15)             Temple (1/1) D:6
   Lair: D:8-11

Altars:
Ashenzari
Dithmenos
Fedhas
Kikubaaqudgha
Nemelex Xobeh
Qazlal
Ru
Wu Jian
Yredelemnul

Shops:
D:6 :


Innate Abilities, Weirdness & Mutations

Your experience applies equally to all skills.
You have very sharp teeth.
Your uncanny sense of smell can sniff out nearby items.


Message History

You see here a killer bee corpse.
You see here a killer bee corpse.
Your transformation has ended.
The +3 spear of Keucs {speed, Int+6} unmelds from your body.
Your +2 helmet unmelds from your body.
Your +0 pair of gloves unmelds from your body.
Your +0 robe unmelds from your body.
Your hands tingle!
You feel sick.
You see here 9 gold pieces.
You now have 122 gold pieces (gained 9).
You feel sick.
You feel sick.
You feel sick.
You are no longer poisoned.
You see here a killer bee corpse.
Found a dark potion.
You see here a dark potion.
It was a potion of ambrosia.
You are confused.
You feel invigorated.
You feel less invigorated.
You feel less confused.
It was a potion of berserk rage.
A red film seems to cover your vision as you go berserk!
You feel yourself moving faster!
You feel mighty!
You feel a strong urge to attack something.
You feel your anger nearly subside.
You are no longer berserk.
You are exhausted.
You feel yourself slow down.
There is a stone staircase leading up here.
Your magical contamination has completely faded away.
Found a potion of heal wounds.
Found a mace.
You see here a potion of heal wounds.
There are no items here.
You see here a potion of heal wounds.
e - a potion of heal wounds An ice beast comes into view.
Found 12 arrows.
Casting: Spider Form (safe; 6% risk of failure)
Confirm with . or Enter, or press ? or * to list all spells.
You turn into a venomous arachnid creature.
The +3 spear of Keucs {speed, Int+6} melds into your body.
Your +2 helmet melds into your body.
Your +0 pair of gloves melds into your body.
Your +0 robe melds into your body.
You feel yourself speed up.
You bite the ice beast!
The ice beast is poisoned.
The ice beast is moderately wounded.
The ice beast completely misses you.
You hit the ice beast.
The ice beast looks as sick as possible!
The ice beast is heavily wounded.
The ice beast barely misses you.
You bite the ice beast!
The ice beast is almost dead.
The ice beast completely misses you.
You bite the ice beast!
You kill the ice beast!
Your Invocations skill increases to level 3!
A bullfrog skeleton comes into view.
Found a stone staircase leading down.
You see here 12 arrows.
a - 97 arrows (gained 12)
You bite the bullfrog skeleton!
The bullfrog skeleton is heavily damaged.
The bullfrog skeleton closely misses you.
You hit the bullfrog skeleton.
The bullfrog skeleton is severely damaged.
You recover from your berserk rage.
The bullfrog skeleton misses you.
You bite the bullfrog skeleton!
You destroy the bullfrog skeleton!
You have reached level 8!
You feel agile.
You open the door.
Your transformation is almost over.
A phantom comes into view.
Found a dagger.
The phantom misses you.
You bite the phantom!
The phantom is moderately damaged.
The phantom blinks!
There is a stone staircase leading down here.
Your transformation has ended.
The +3 spear of Keucs {speed, Int+6} unmelds from your body.
Your +2 helmet unmelds from your body.
Your +0 pair of gloves unmelds from your body.
Your +0 robe unmelds from your body.
Your hands tingle!
You climb downwards.
There is a stone staircase leading up here.
Unknown command.
Okay, then.
You open the door.
Found a short sword.
There is an open door here.
An orc comes into view.
You see here a short sword.
Are you sure you want to abandon this character and quit the game? (Confirm with "yes".)

......# #######+####
#.....# ...........#
#.....# ...........#
#.....# o..........#
#.....+ ..........# ∆
#.....# ..........#
#.....#
#..@#######.....#
######.).#...........#
.........#...........#
.........#....<......#
.........'...........#
.........#...........#
######...#...........#
#...#...........#
#####...........#


There were no monsters in sight!

Vanquished Creatures
  An ice beast (D:7)
  2 phantoms
  A bullfrog (D:7)
  A scorpion (D:6)
  5 killer bees (D:7)
  A crimson imp (D:6)
  3 bullfrog skeletons
  2 orc priests
  An orc wizard (D:6)
  A hound skeleton (D:4)
  An adder (D:3)
  An ooze (D:5)
  A dart slug (D:1)
  A worm (D:2)
  A leopard gecko (D:3)
  6 orcs
  5 goblins
  4 hobgoblins
  4 jackals (D:3)
  A kobold (D:1)
  A quokka (D:4)
  5 bats
  2 frilled lizards (D:1)
51 creatures vanquished.

Notes
Turn   | Place    | Note
-------+----------+-------------------------------------------
     0 | D:1      | tidbits the Gnoll Transmuter began the quest for the Orb.
     0 | D:1      | Reached XP level 1. HP: 17/17 MP: 6/6
    36 | D:1      | Reached XP level 2. HP: 17/23 MP: 5/7
    40 | D:1      | Learned a level 2 spell: Sticks to Snakes
   237 | D:1      | Reached XP level 3. HP: 15/28 MP: 9/9
   242 | D:1      | Learned a level 3 spell: Spider Form
   328 | D:3      | Reached skill level 5 in Spellcasting
   348 | D:3      | Reached skill level 1 in Invocations
   382 | D:4      | Reached skill level 1 in Short Blades
   382 | D:4      | Reached skill level 1 in Long Blades
   382 | D:4      | Reached skill level 1 in Axes
   382 | D:4      | Reached skill level 1 in Maces & Flails
   382 | D:4      | Reached skill level 1 in Polearms
   382 | D:4      | Reached skill level 1 in Staves
   382 | D:4      | Reached skill level 1 in Slings
   382 | D:4      | Reached skill level 1 in Bows
   382 | D:4      | Reached skill level 1 in Crossbows
   382 | D:4      | Reached skill level 1 in Throwing
   382 | D:4      | Reached skill level 1 in Armour
   382 | D:4      | Reached skill level 1 in Stealth
   382 | D:4      | Reached skill level 1 in Shields
   382 | D:4      | Reached skill level 1 in Evocations
   410 | D:5      | Entered Level 5 of the Dungeon
   413 | D:5      | Reached XP level 4. HP: 34/34 MP: 3/11
   529 | D:6      | Noticed a phantom
   549 | D:6      | Reached skill level 1 in Conjurations
   549 | D:6      | Reached skill level 1 in Hexes
   549 | D:6      | Reached skill level 1 in Charms
   549 | D:6      | Reached skill level 1 in Summonings
   549 | D:6      | Reached skill level 1 in Necromancy
   549 | D:6      | Reached skill level 1 in Translocations
   549 | D:6      | Reached skill level 1 in Fire Magic
   549 | D:6      | Reached skill level 1 in Ice Magic
   549 | D:6      | Reached skill level 1 in Air Magic
   549 | D:6      | Reached skill level 1 in Earth Magic
   549 | D:6      | Reached skill level 1 in Poison Magic
   549 | D:6      | Reached XP level 5. HP: 38/40 MP: 6/12
   570 | D:6      | Killed a phantom
   570 | D:6      | Reached skill level 3 in Fighting
   570 | D:6      | Reached skill level 4 in Transmutations
   655 | D:6      | Reached skill level 2 in Invocations
   655 | D:6      | Reached XP level 6. HP: 39/47 MP: 9/13
   680 | D:6      | Got a polished spear
   713 | D:6      | Found Ciwkojee's Book Boutique.
   724 | D:6      | Reached skill level 2 in Short Blades
   724 | D:6      | Reached skill level 2 in Long Blades
   724 | D:6      | Reached skill level 2 in Axes
   724 | D:6      | Reached skill level 2 in Maces & Flails
   724 | D:6      | Reached skill level 2 in Polearms
   724 | D:6      | Reached skill level 2 in Staves
   724 | D:6      | Reached skill level 2 in Slings
   724 | D:6      | Reached skill level 2 in Bows
   724 | D:6      | Reached skill level 2 in Crossbows
   724 | D:6      | Reached skill level 2 in Throwing
   724 | D:6      | Reached skill level 2 in Armour
   724 | D:6      | Reached skill level 5 in Dodging
   724 | D:6      | Reached skill level 2 in Stealth
   724 | D:6      | Reached skill level 2 in Shields
   724 | D:6      | Reached skill level 2 in Evocations
   740 | D:6      | Found a staircase to the Ecumenical Temple.
   748 | Temple   | Entered the Ecumenical Temple
   835 | D:5      | Noticed a phantom
   889 | D:5      | Killed a phantom
   889 | D:5      | Reached XP level 7. HP: 26/52 MP: 10/15
   962 | D:7      | Identified the +3 spear of Keucs {speed, Int+6} (You found it on level 6 of the Dungeon)
   970 | D:7      | Reached skill level 7 in Unarmed Combat
   984 | D:8      | Noticed a hippogriff
  1050 | D:7      | Reached skill level 2 in Conjurations
  1050 | D:7      | Reached skill level 2 in Hexes
  1050 | D:7      | Reached skill level 2 in Charms
  1050 | D:7      | Reached skill level 2 in Summonings
  1050 | D:7      | Reached skill level 2 in Necromancy
  1050 | D:7      | Reached skill level 2 in Translocations
  1050 | D:7      | Reached skill level 2 in Fire Magic
  1050 | D:7      | Reached skill level 2 in Ice Magic
  1050 | D:7      | Reached skill level 2 in Air Magic
  1050 | D:7      | Reached skill level 2 in Earth Magic
  1050 | D:7      | Reached skill level 2 in Poison Magic
  1066 | D:7      | HP: 5/53 [poisoned by a killer bee]
  1153 | D:7      | Reached skill level 3 in Invocations
  1164 | D:7      | Reached XP level 8. HP: 60/60 MP: 14/16
  1194 | D:8      | Quit the game

Vault maps used:
D:1:      nicolae_arrival_washed_ashore, serial_glass, glass_columns_b,
          glass_columns_a, glass_columns_b, glass_columns_a
D:2:      first_ration, lemuel_another_geyser
D:3:      lemuel_crystal_altar, chequers_ecumenical_altar_simple
D:4:      grunt_temple_overflow_lords_of_destruction, minmay_misc_feat_five,
          minmay_misc_feat_more_columns, eino_small_chamber_without_monster,
          uniq_ijyb
D:5:      grunt_temple_overflow_order_and_chaos_1, overflow_temple_1_default
D:6:      temple_statues, serial_shops, shop_fountains
D:7:      grunt_temple_overflow_open, serial_shops, shop
Temple:   jpeg_temple_island

Skill      XL: |  1  2  3  4  5  6  7 |
---------------+----------------------+-----
Spellcasting   | 5 |  5.8
Invocations    | 1 2 3 |  3.1
Short Blades   | 1 2 |  2.8
Long Blades    | 1 2 |  2.8
Axes           | 1 2 |  2.8
Maces & Flails | 1 2 |  2.8
Polearms       | 1 2 |  2.8
Staves         | 1 2 |  2.8
Slings         | 1 2 |  2.8
Bows           | 1 2 |  2.8
Crossbows      | 1 2 |  2.8
Throwing       | 1 2 |  2.8
Armour         | 1 2 |  2.8
Stealth        | 1 2 |  2.8
Shields        | 1 2 |  2.8
Evocations     | 1 2 |  2.8
Conjurations   | 1 2 |  2.2
Hexes          | 1 2 |  2.2
Charms         | 1 2 |  2.2
Summonings     | 1 2 |  2.2
Necromancy     | 1 2 |  2.2
Translocations | 1 2 |  2.2
Fire Magic     | 1 2 |  2.2
Ice Magic      | 1 2 |  2.2
Air Magic      | 1 2 |  2.2
Earth Magic    | 1 2 |  2.2
Poison Magic   | 1 2 |  2.2
Fighting       | 3 |  3.8
Transmutations | 4 |  4.4
Dodging        | 5 |  5.4
Unarmed Combat | 7 |  7.1

Action                   |  1- 3 |  4- 6 |  7- 9 || total
-------------------------+-------+-------+-------++-------
Melee: Unarmed           |    55 |    58 |    20 ||   133
       Kick              |     4 |     2 |     5 ||    11
       Punch             |     3 |       |       ||     3
       Bite              |     4 |     1 |     1 ||     6
       Headbutt          |     1 |       |       ||     1
       Spear             |       |       |    25 ||    25
Throw: Tomahawk          |       |     9 |       ||     9
       Javelin           |       |     6 |       ||     6
 Cast: Beastly Appendage |     9 |     3 |     2 ||    14
       Spider Form       |     3 |     8 |     2 ||    13
       Sticks to Snakes  |     1 |     5 |       ||     6
 Abil: End Transformatio |       |     2 |       ||     2
  Use: Scroll            |       |    10 |     1 ||    11
       Potion            |       |       |     4 ||     4
 Stab: Invisible         |       |       |     2 ||     2
  Eat: Ration            |       |       |     1 ||     1
       Chunk             |       |       |     1 ||     1
Armor: Robe              |     3 |       |       ||     3
       Skin              |     3 |     2 |       ||     5
Dodge: Dodged            |    40 |    30 |    47 ||   117

Table legend:
 A = Spawn XP
 B = Non-spawn XP
 C = Spawn XP percentage of total XP
 D = Spawn monster count
 E = Non-spawn monster count
 F = Spawn count percentage of total count
 G = Total turns spent on level
                    A         B        C        D         E        F      G
               +---------+---------+-------+---------+---------+-------+---------
         Total |       0 |    1220 |   0.0 |       0 |      51 |   0.0 |  1194
               +---------+---------+-------+---------+---------+-------+---------
           D:1 |       0 |      25 |   0.0 |       0 |      13 |   0.0 |   159
           D:2 |       0 |      10 |   0.0 |       0 |       5 |   0.0 |   161
           D:3 |       0 |      24 |   0.0 |       0 |       7 |   0.0 |    38
           D:4 |       0 |      20 |   0.0 |       0 |       2 |   0.0 |    52
           D:5 |       0 |     177 |   0.0 |       0 |       6 |   0.0 |   119
           D:6 |       0 |     392 |   0.0 |       0 |      10 |   0.0 |   334
           D:7 |       0 |     572 |   0.0 |       0 |       8 |   0.0 |   252
               +---------+---------+-------+---------+---------+-------+---------

Table legend:
 A = Turns spent in this place as a percentage of turns spent in the entire game.
 B = Non-inter-level travel turns spent in this place as a percentage of non-inter-level travel turns spent in the entire game.
 C = Inter-level travel turns spent in this place as a percentage of turns spent in this place.
 D = Turns resting spent in this place as a percentage of non-inter-level travel turns spent in this place.
 E = Turns spent auto-exploring this place as a percentage of non-inter-level travel turns spent in this place.
 F = Non-inter-level travel turns spent in this place divided by the number of levels of this place that you've seen.
                   A       B       C       D       E      F
               +-------+-------+-------+-------+-------+----------------------
         Total | 100.0 | 100.0 |   2.3 |   0.0 |   0.0 | 129.6
       Dungeon |  94.9 |  97.2 |   0.0 |   0.0 |   0.0 | 141.6
        Temple |   5.1 |   2.8 |  45.9 |   0.0 |   0.0 |  33.0
               +-------+-------+-------+-------+-------+----------------------

Table legend:
 A = Kills in this place as a percentage of kills in entire the game.
 B = Kills by you in this place as a percentage of kills by you in the entire game.
 C = Kills by friends in this place as a percentage of kills by friends in the entire game.
 D = Other kills in this place as a percentage of other kills in the entire game.
 E = Experience gained in this place as a percentage of experience gained in the entire game.
 F = Experience gained in this place divided by the number of levels of this place that you have seen.
                   A       B       C       D       E      F
               +-------+-------+-------+-------+-------+----------------------
         Total | 100.0 | 100.0 |   N/A |   N/A | 100.0 | 135.6
       Dungeon | 100.0 | 100.0 |   N/A |   N/A | 100.0 | 152.5
               +-------+-------+-------+-------+-------+----------------------

Vault maps used:
D:1:      nicolae_arrival_washed_ashore, serial_glass, glass_columns_b,
          glass_columns_a, glass_columns_b, glass_columns_a
D:2:      first_ration, lemuel_another_geyser
D:3:      lemuel_crystal_altar, chequers_ecumenical_altar_simple
D:4:      grunt_temple_overflow_lords_of_destruction, minmay_misc_feat_five,
          minmay_misc_feat_more_columns, eino_small_chamber_without_monster,
          uniq_ijyb
D:5:      grunt_temple_overflow_order_and_chaos_1, overflow_temple_1_default
D:6:      temple_statues, serial_shops, shop_fountains
D:7:      grunt_temple_overflow_open, serial_shops, shop
Temple:   jpeg_temple_island
